 Dungeon Crawl Stone Soup version 0.31.0 (webtiles) character file.

Game seed: 8513362294738578346

200 qw the Shooter (level 5, 0/32 HPs)
             Began as a Gargoyle Hunter on Jan 19, 2024.
             Slain by a lemure (3 damage)
             ... led by Pikel
             ... on level 3 of the Dungeon.
             The game lasted 00:00:09 (2373 turns).

qw the Shooter (Gargoyle Hunter)                    Turns: 2373, Time: 00:00:10

Health: 0/32       AC: 11    Str: 15    XL:     5   Next: 79%
Magic:  5/5        EV: 11    Int:  9    God:
Gold:   176        SH:  0    Dex: 15    Spells: 4/4 levels left

rFire   . . .        a - +2 shortbow
rCold   . . .        (shield currently unavailable)
rNeg    + . .        b - +0 ring mail
rPois   inf          (no helmet)
rElec   +            i - +0 cloak
rCorr   .            c - +0 pair of gloves
SInv    .            (no boots)
Will    .....        (no amulet)
Stlth   +            (no ring)
HPRegen 0.25/turn    (no ring)
MPRegen 0.09/turn

%: no passive effects
@: no status effects
A: sickness immunity, AC +4, negative energy resistance 1, electricity
resistance, torment resistance 1, petrification resistance
a: no special abilities


You were on level 3 of the Dungeon.
You visited 1 branch of the dungeon, and saw 4 of its levels.

You collected 176 gold pieces.


Innate Abilities, Weirdness & Mutations

You are immune to sickness and miasma.
Your stone body is resilient. (AC +4)
You are immune to poison.
You resist negative energy. (rN+)
You are resistant to electric shocks. (rElec)
You are resistant to unholy torment.
You are immune to petrification.


   Skills:
 + Level 3.1 Fighting
 - Level 6.3 Ranged Weapons
 - Level 1.0 Armour
 - Level 1.5 Dodging
 - Level 1.1 Stealth


You had 4 spell levels left.
You didn't know any spells.
Your spell library was empty.

Inventory:

Hand Weapons
 a - a +2 shortbow (weapon)
Armour
 b - a +0 ring mail (worn)
 c - a +0 pair of gloves (worn)
 i - a +0 cloak (worn)
Scrolls
 g - a scroll of identify
Potions
 d - a potion of curing
 e - a potion of resistance
 f - a potion of enlightenment

Dungeon Overview and Level Annotations

Branches:
Dungeon (4/15)
 Temple: D:4-7

Altars:
Dithmenos

Annotations:
D:4 Pikel


Message History

You shoot an arrow. The arrow misses the lemure.
The arrow hits the lemure.
The lemure is moderately wounded.
The lemure barely misses you.
You shoot an arrow. The arrow barely misses the lemure.
The arrow hits the lemure!
The lemure is heavily wounded.
The lemure hits you.
You shoot an arrow. The arrow hits the lemure.
The lemure is heavily wounded.
The lemure hits you. The lemure closely misses you.
You shoot an arrow. The arrow closely misses the lemure.
The arrow hits the lemure!
The lemure is almost dead.
The lemure hits you but does no damage.
You shoot an arrow. The arrow closely misses the lemure.
The arrow hits the lemure.
The lemure is almost dead.
The lemure hits you.
You shoot an arrow. The arrow hits the lemure.
The lemure is severely wounded.
The lemure hits you but does no damage.
You shoot an arrow. The arrow closely misses the lemure. x2
The lemure closely misses you. x2
You shoot an arrow. The arrow closely misses the lemure. x2
The lemure hits you.
You shoot an arrow. The arrow closely misses the lemure.
The arrow hits the lemure!
You kill the lemure!
That felt strangely unrewarding.
The lemure hits you.
You shoot an arrow. The arrow closely misses the lemure.
The lemure misses you.
You shoot an arrow.
The arrow hits the lemure but does no damage.
The lemure is severely wounded.
The lemure hits you but does no damage.
You shoot an arrow. The arrow hits the lemure.
The lemure is almost dead.
The lemure hits you but does no damage. The lemure hits you.
You die...

.#....##.# %##.####.#
..#####..# #.%..#..##
##....%## .####.##
####### ....### #.....#
.....# #.###.# .....#
#@# #.#
.....###########5###.###
................>......#
.....#########...####..#
.....# #!#.......#
.....# ###.######.##
###### ####...# #.#
###....### #.# #...####
#.#


You could see a lemure.

Vanquished Creatures
  A lemure (D:3)
  A phantom (D:2)
  3 gnolls (D:2)
  3 adders
  2 dart slugs
  3 ribbon worms (D:2)
  An orc (D:3)
  7 endoplasms
  3 giant cockroaches (D:1)
  5 goblins
  3 hobgoblins
  A quokka (D:3)
  5 ball pythons
  6 bats
  6 frilled lizards
  11 kobolds
  6 rats
67 creatures vanquished.

Notes
Turn   | Place    | Note
-------+----------+-------------------------------------------
     0 | D:1      | qw the Gargoyle Hunter began the quest for the Orb.
     0 | D:1      | Reached XP level 1. HP: 12/12 MP: 1/1
     0 | D:1      | 0 ||| qw: Version: 0.3-a-132-g3d54051
     0 | D:1      | 0 ||| qw: Game counter: 316
     0 | D:1      | 0 ||| qw: Melee chars always use a shield: true
     0 | D:1      | 0 ||| qw: God list: Okawaru
     0 | D:1      | 0 ||| qw: Allow faded altars: false
     0 | D:1      | 0 ||| qw: Do Orc after clearing Dungeon:15 true
     0 | D:1      | 0 ||| qw: Do second Lair branch before Depths: true
     0 | D:1      | 0 ||| qw: Lair rune preference: random
     0 | D:1      | 0 ||| qw: Goals: Normal
     0 | D:1      | 0 ||| PLANNING D:1-11
    86 | D:1      | Found a faded altar of an unknown god.
    88 | D:1      | Reached XP level 2. HP: 17/17 MP: 2/2
   444 | D:1      | Reached XP level 3. HP: 21/21 MP: 3/3
   554 | D:1      | Reached skill level 5 in Ranged Weapons
   566 | D:1      | 566 ||| READING 2 scrolls labelled NIMUCA OLARPH.
   566 | D:1      | 566 ||| IDENTIFYING sedimented sapphire potion
   567 | D:1      | 567 ||| READING scroll of identify.
   567 | D:1      | 567 ||| IDENTIFYING glowing white potion
   568 | D:1      | 568 ||| DROPPING scroll of butterflies.
   569 | D:1      | 569 ||| DROPPING potion of attraction.
   776 | D:2      | Reached skill level 3 in Fighting
   782 | D:2      | Identified the +0 scale mail of the Pits of Slime {Will-
                  | Int+5}
   948 | D:2      | Reached XP level 4. HP: 25/28 MP: 4/4
   948 | D:2      | 948 ||| FLEEEEING.
  1371 | D:2      | Noticed a phantom
  1384 | D:2      | Killed a phantom
  1385 | D:2      | Reached skill level 6 in Ranged Weapons
  1385 | D:2      | Reached XP level 5. HP: 25/32 MP: 5/5
  1385 | D:2      | 1385 ||| FLEEEEING.
  1448 | D:2      | 1448 ||| UPGRADING to +0 ring mail.
  1458 | D:2      | 1458 ||| DROPPING +0 leather armour.
  1459 | D:2      | 1459 ||| UPGRADING to +0 cloak.
  1464 | D:2      | 1464 ||| READING 5 scrolls of identify.
  1464 | D:2      | 1464 ||| IDENTIFYING clear potion
  1465 | D:2      | 1465 ||| READING 4 scrolls of identify.
  1465 | D:2      | 1465 ||| IDENTIFYING scroll labelled KOELIS SOPRYFO
  1466 | D:2      | 1466 ||| READING scroll of enchant weapon.
  1466 | D:2      | 1466 ||| ENCHANTING +0 shortbow.
  1467 | D:2      | 1467 ||| READING 3 scrolls of identify.
  1467 | D:2      | 1467 ||| IDENTIFYING scroll labelled ZIDETI UNEPP
  1468 | D:2      | 1468 ||| READING 2 scrolls of identify.
  1468 | D:2      | 1468 ||| IDENTIFYING scroll labelled GOMOEFF BULLI
  1469 | D:2      | 1469 ||| DROPPING scroll of noise.
  1470 | D:2      | 1470 ||| DROPPING scroll of revelation.
  1610 | D:3      | Reached skill level 1 in Armour
  2073 | D:3      | 2073 ||| READING scroll of enchant weapon.
  2073 | D:3      | 2073 ||| ENCHANTING +1 shortbow.
  2302 | D:3      | 2302 ||| UPGRADING to +0 pair of gloves.
  2307 | D:3      | 2307 ||| READING 3 scrolls of identify.
  2307 | D:3      | 2307 ||| IDENTIFYING sapphire potion
  2308 | D:3      | 2308 ||| READING 2 scrolls of identify.
  2308 | D:3      | 2308 ||| IDENTIFYING scroll labelled ZAZU USTRIMP
  2309 | D:3      | 2309 ||| DROPPING scroll of poison.
  2342 | D:4      | Noticed a lemure
  2342 | D:4      | Found a shadowy altar of Dithmenos.
  2346 | D:4      | Noticed a lemure
  2346 | D:4      | Noticed a lemure
  2349 | D:4      | Noticed Pikel
  2350 | D:4      | 2350 ||| RETREEEEATING.
  2351 | D:4      | 2351 ||| RETREEEEATING.
  2352 | D:4      | 2352 ||| RETREEEEATING.
  2354 | D:4      | Noticed a lemure
  2355 | D:4      | 2355 ||| RETREEEEATING.
  2356 | D:4      | 2356 ||| STAIRDANCE
  2358 | D:3      | 2358 ||| RETREEEEATING.
  2359 | D:3      | 2359 ||| RETREEEEATING.
  2366 | D:3      | HP: 8/32 [lemure[Pikel] (5)]
  2370 | D:3      | Killed a lemure
  2370 | D:3      | HP: 2/32 [lemure[Pikel] (5)]
  2373 | D:3      | Slain by a lemure

Levels and vault maps discovered:
D:1:      minmay_arrival_up_and_down, layout_basic,
          ebering_ecumenical_altar_abandoned
D:2:      minmay_wonky_spiral, layout_loops_cross, serial_forest,
          infiniplex_forest_lined_2, infiniplex_forest_corner_1,
          infiniplex_forest_zigzag_2, infiniplex_forest_clump_tiny,
          infiniplex_forest_clump_tiny, infiniplex_forest_split,
          dk_noncrumbling_2, hangedman_abyss_or_decor_lesser_grid
D:3:      layout_basic, wander_ebering_terrifying_dragon_lair
D:4:      layout_basic, okawaru_metal_pillars_1_2, zin_scriptorium,
          amcnicky_altar_gilded, minmay_temple_entry_glass,
          wad_floor_pattern_untrapped, uniq_pikel

Skill      XL: |  1  2  3  4  5 |
---------------+----------------+-----
Ranged Weapons | 5 6 |  6.3
Fighting       | 3 |  3.1
Armour         | 1 |  1.0
Dodging        | |  1.5
Stealth        | |  1.1

Action                     |  1- 3 |  4- 6 || total
---------------------------+-------+-------++-------
   Fire: Shortbow          |   127 |   102 ||   229
    Use: Scroll            |     2 |     8 ||    10
 Armour: Leather armour    |    24 |    16 ||    40
         Ring mail         |       |    19 ||    19
  Dodge: Dodged            |    21 |    34 ||    55

Table legend:
 A = Non-vault XP
 B = Vault XP
 C = Vault XP percentage of total XP
 D = Non-vault monster count
 E = Vault monster count
 F = Vault count percentage of total count
                 A         B        C        D         E       F
            +---------+---------+-------+---------+---------+-------
      Total |     280 |       7 |   2.4 |      60 |       6 |   9.1
            +---------+---------+-------+---------+---------+-------
        D:1 |      39 |       0 |   0.0 |      24 |       0 |   0.0
        D:2 |     207 |       6 |   2.8 |      23 |       5 |  17.9
        D:3 |      34 |       1 |   2.9 |      13 |       1 |   7.1
            +---------+---------+-------+---------+---------+-------
